Map: [ESL] Goldenaura

Players

SpeCial - Winner!

  • Race: Terran Terran
  • Spawn Location: 5:00

trigger

  • Race: Protoss Protoss
  • Spawn Location: 12:00

Event: ESL SC2 Masters 2023 Winter (Regional)

VOD

Have the link to the VOD?

Description

Time

  • Played on: Nov. 12, 2023, 2:24 p.m.
  • Length: 18:03

All games in this series

Show
View Real Time Build Order
Export as new Build Order

SpeCial Terran - Winner!

Build Orders: Cyclone Opening 

Get SALT Encoding   

  12  0:00  SCV  
  13  0:12  SCV  
  14  0:17  Supply Depot  
  14  0:24  SCV  
  15  0:38  Barracks, SCV  
  16  0:44  Refinery  
  16  0:50  SCV  
  16  0:54  Refinery  
  17  1:02  SCV  
  18  1:14  SCV  
  19  1:25  Reaper  
  19  1:27  Orbital Command  
  20  1:38  Supply Depot  
  20  1:43  Factory  
  20  1:53  SCV  
  21  2:00  Barracks Reactor  
  21  2:05  SCV  
  22  2:17  SCV  
  23  2:23  Command Center  
  23  2:30  Cyclone  
  23  2:33  SCV  
  26  2:41  Starport  
  26  2:46  Marine  
  26  2:47  Marine  
  26  2:49  SCV  
  28  2:53  Supply Depot  
  28  3:01  SCV  
  28  3:04  Marine  
  28  3:05  Marine  
  31  3:14  SCV  
  31  3:15  Widow Mine  
  31  3:19  Starport Tech Lab  
  34  3:26  SCV, Marine x2  
  37  3:39  SCV  
  37  3:40  Cloaking Field  
  38  3:43  Banshee, Factory Tech Lab  
  38  3:44  Marine x2  
  43  3:50  Orbital Command  
  43  3:53  SCV  
  44  4:02  Marine x2  
  46  4:05  SCV  
  46  4:08  Orbital Command, Siege Tank  
  50  4:19  Supply Depot, SCV  
  50  4:21  Marine x2  
  53  4:33  SCV  
  54  4:41  Banshee, SCV, Marine x2  
  54  4:43  Siege Tank  
  62  4:47  Bunker  
  60  4:53  SCV x2  
  60  4:54  Barracks  
  62  5:01  Supply Depot  
  62  5:13  Marine  
  62  5:21  SCV x2, Marine  
  62  5:31  Marine  
  62  5:33  SCV x2  
  62  5:39  Marine  
  62  5:40  Refinery  
  62  5:41  Barracks  
  63  5:45  Barracks, SCV x2  
  63  5:48  Marine  
  66  5:51  Factory Reactor  
  66  5:53  Starport Reactor  
  66  5:55  Stimpack, Marauder  
  66  5:56  Marine  
  69  5:57  SCV  
  69  6:03  Bunker, Supply Depot  
  70  6:04  SCV  
  70  6:06  Marine  
  70  6:09  SCV  
  73  6:14  Marine  
  73  6:16  SCV  
  73  6:17  Marauder  
  77  6:22  SCV  
  77  6:24  Marine  
  77  6:25  Engineering Bay  
  79  6:28  SCV, Supply Depot  
  79  6:30  Medivac  
  79  6:32  Marine  
  83  6:34  Medivac, SCV  
  85  6:40  SCV  
  86  6:49  SCV, Marine  
  86  6:50  Widow Mine x2, Marauder  
  86  6:53  Marine  
  92  6:55  Barracks  
  92  6:56  Terran Infantry Weapons Level 1, Refinery  
  92  6:58  Barracks  
  92  6:59  Marauder  
  94  7:01  Supply Depot  
  94  7:23  Marauder, Supply Depot, Medivac x2, Marine x2  
  94  7:27  Supply Depot  
  102  7:32  Marauder  
  102  7:33  SCV x2  
  102  7:44  Marine x2  
  102  7:45  Marauder, SCV  
  102  7:48  Barracks Reactor, Barracks Tech Lab, Widow Mine  
  102  7:49  Widow Mine  
  102  7:51  Supply Depot  
  111  7:53  Marauder, Medivac x2  
  114  8:02  Missile Turret, Marine x2  
  114  8:03  Armory  
  108  8:06  Marauder  
  108  8:08  Missile Turret, Marauder  
  108  8:10  Widow Mine x2  
  115  8:15  Marauder  
  119  8:20  Marine  
  119  8:21  Marine  
  119  8:27  Marine x2  
  119  8:28  Marauder  
  119  8:29  Marauder  
  119  8:31  Supply Depot  
  124  8:36  Marauder  
  124  8:40  Combat Shield  
  126  8:41  Concussive Shells  
  126  8:52  Marine x4  
  126  8:53  Marauder x2  
  126  8:54  Supply Depot  
  134  9:05  Command Center  
  134  9:06  Marauder  
  134  9:10  Widow Mine x2  
  134  9:15  Marine x3  
  134  9:16  Marauder x2  
  139  9:20  Medivac x2  
  139  9:22  Marine  
  137  9:27  Terran Infantry Weapons Level 2, Marauder  
  135  9:34  Marine  
  135  9:37  Marauder  
  136  9:39  Marine  
  136  9:40  Marauder  
  136  9:41  Widow Mine  
  136  9:45  Widow Mine  
  137  9:48  Marine x3  
  140  9:53  Marine  
  141  10:02  Marine  
  142  10:12  Supply Depot  
  142  10:13  Supply Depot  
  142  10:17  Marauder x3, Marine x3  
  137  10:30  Marine  
  137  10:34  Marine x2  
  136  10:35  Medivac  
  136  10:39  Marauder x3  
  136  10:40  Medivac  
  142  10:45  Marine  
  142  10:47  Marine  
  142  10:49  Widow Mine  
  137  10:52  Marine  
  136  11:00  Marauder x3  
  136  11:01  Orbital Command  
  142  11:12  Marine  
  142  11:15  Widow Mine  
  145  11:21  Marauder  
  131  11:25  Marine  
  131  11:26  Marine, Marauder  
  131  11:27  Marauder  
  131  11:28  Marine  
  138  11:33  Widow Mine  
  138  11:36  Widow Mine  
  138  11:38  Viking  
  142  11:42  Marine  
  142  11:43  Marauder  
  142  11:46  Marine  
  133  11:47  Marauder  
  133  11:48  Marauder  
  139  11:54  Widow Mine  
  139  11:58  Marine, Widow Mine  
  138  12:03  Marine  
  138  12:04  Marine, Marauder  
  138  12:08  Marine  
  132  12:09  Marauder  
  132  12:10  Marauder  
  116  12:16  Marine  
  116  12:21  Marine  
  116  12:22  Marine  
  99  12:23  Medivac  
  99  12:26  Marauder  
  95  12:30  Marauder  
  95  12:31  Marauder, Marine  
  95  12:35  Medivac  
  102  12:47  Terran Infantry Armor Level 1, Marauder  
  102  12:50  Marine x2  
  104  12:51  Marauder  
  104  12:52  Marauder, Widow Mine  
  104  12:57  Marine  
  104  12:58  Orbital Command  
  109  13:02  Missile Turret  
  109  13:06  Medivac  
  109  13:08  Marauder  
  109  13:10  Marine x3  
  118  13:13  Marauder  
  118  13:14  Medivac  
  118  13:20  Missile Turret  
  118  13:25  Marine, Ghost Academy  
  119  13:27  Marine  
  119  13:30  Widow Mine  
  114  13:34  SCV x2  
  114  13:35  SCV  
  114  13:40  Marine x2  
  117  13:49  SCV x3  
  117  13:54  Bunker  
  123  13:56  Ghost x2  
  123  13:58  Ghost  
  124  14:03  Viking  
  124  14:08  Viking  
  128  14:17  Marine x4  
  128  14:23  Widow Mine x2  
  135  14:27  Ghost x3  
  135  14:30  Supply Depot  
  141  14:37  Marine x4  
  145  14:44  Viking, Widow Mine x2  
  151  14:50  Viking  
  151  14:52  SCV x3  
  156  14:56  Marauder  
  156  14:57  Refinery  
  156  15:00  Command Center  
  156  15:01  Marauder, Marine  
  156  15:02  Refinery  
  156  15:04  Marauder, Marine, SCV  
  163  15:09  SCV x2  
  165  15:15  Marine x2  
  165  15:16  SCV, Widow Mine x2  
  165  15:18  Marauder  
  165  15:19  Marine  
  175  15:23  Marauder  
  175  15:25  Marine  
  175  15:26  Marauder  
  180  15:33  Marine  
  174  15:37  Marine  
  174  15:39  Marauder  
  145  15:42  Marine  
  145  15:44  Marauder, Marine  
  145  15:47  Medivac x2, Marauder  
  152  15:50  Marine  
  152  15:51  SCV x3  
  155  15:59  Marine  
  155  16:00  Marauder  
  155  16:01  Marine  
  155  16:03  SCV  
  129  16:05  Marauder  
  129  16:09  Marine, Marauder  
  130  16:17  Viking x2  
  126  16:21  Marine x3  
  126  16:22  Marauder  
  131  16:27  Marauder, Marine, SCV x3  
  131  16:29  Ghost  
  131  16:31  Barracks  
  131  16:32  Barracks  
  139  16:39  SCV, Marine x2  
  142  16:41  SCV  
  142  16:42  SCV  
  142  16:44  Marine  
  145  16:47  Viking  
  145  16:48  Viking  
  145  16:51  SCV  
  145  16:53  Missile Turret  
  150  16:56  Marine  
  146  17:05  Marine x2  
  146  17:06  Marine, Marauder  
  146  17:07  Marauder  
  151  17:09  Marauder  
  151  17:14  Marine  
  154  17:16  Planetary Fortress  
  154  17:17  Missile Turret, SCV x2  
  154  17:18  SCV  
  154  17:20  Barracks Reactor  
  157  17:24  Barracks Reactor  
  157  17:27  Marauder  
  157  17:30  Marauder, Marine  
  157  17:35  SCV  
  157  17:36  Widow Mine x2  
Show
View Real Time Build Order
Export as new Build Order

trigger Protoss 

Build Orders: 1 Gate Expand, Blink Stalkers 

Get SALT Encoding   

  12  0:00  Probe  
  13  0:12  Probe  
  14  0:18  Pylon  
  14  0:24  Probe (Chrono Boost)  
  15  0:36  Gateway  
  15  0:38  Probe (Chrono Boost)  
  16  0:43  Probe (Chrono Boost)  
  16  0:45  Assimilator  
  17  0:52  Probe  
  18  1:04  Probe  
  19  1:16  Probe  
  20  1:25  Cybernetics Core  
  20  1:29  Probe  
  21  1:36  Nexus  
  21  1:43  Pylon  
  21  1:50  Assimilator  
  21  1:52  Probe  
  22  1:59  Adept (Chrono Boost)  
  21  2:02  Warp Gate  
  21  2:05  Probe  
  24  2:18  Probe  
  24  2:19  Stalker (Chrono Boost)  
  27  2:33  Probe  
  27  2:36  Twilight Council  
  28  2:40  Shield Battery  
  28  2:45  Probe  
  28  2:49  Probe  
  31  2:59  Gateway, Probe (Chrono Boost)  
  31  3:01  Probe (Chrono Boost)  
  32  3:10  Blink (Chrono Boost)  
  32  3:13  Probe (Chrono Boost)  
  32  3:15  Probe (Chrono Boost)  
  32  3:18  Robotics Facility  
  32  3:19  Probe (Chrono Boost)  
  32  3:27  Probe (Chrono Boost)  
  34  3:30  Probe (Chrono Boost)  
  35  3:34  Gateway  
  35  3:38  Probe x2 (Chrono Boost)  
  37  3:46  Pylon, Probe  
  37  3:47  Probe  
  39  3:51  Stalker  
  39  3:53  Stalker  
  43  3:59  Assimilator  
  43  4:02  Probe  
  44  4:04  Probe  
  44  4:06  Warp Prism (Chrono Boost)  
  47  4:11  Pylon  
  47  4:15  Stalker  
  49  4:21  Stalker  
  49  4:23  Probe x2  
  53  4:29  Stalker  
  55  4:39  Stalker  
  55  4:40  Observer  
  55  4:41  Pylon  
  56  4:53  Nexus  
  56  4:59  Probe  
  57  5:03  Stalker x3  
  57  5:06  Probe  
  62  5:11  Probe (Chrono Boost)  
  59  5:18  Probe (Chrono Boost)  
  58  5:23  Probe (Chrono Boost)  
  59  5:28  Probe (Chrono Boost)  
  59  5:32  Probe (Chrono Boost)  
  59  5:35  Pylon  
  58  5:36  Probe  
  58  5:37  Forge  
  58  5:40  Stalker x3  
  65  5:43  Probe  
  65  5:48  Probe  
  65  5:49  Pylon  
  67  5:53  Charge  
  67  5:56  Probe (Chrono Boost)  
  69  6:04  Probe (Chrono Boost)  
  69  6:05  Probe (Chrono Boost)  
  69  6:08  Probe (Chrono Boost)  
  69  6:10  Protoss Ground Weapons Level 1 (Chrono Boost)  
  71  6:14  Probe (Chrono Boost)  
  71  6:15  Probe (Chrono Boost)  
  71  6:16  Probe (Chrono Boost)  
  74  6:19  Probe (Chrono Boost)  
  74  6:21  Gateway  
  74  6:23  Gateway, Probe (Chrono Boost)  
  76  6:26  Gateway, Shield Battery  
  76  6:29  Observer  
  79  6:32  Probe (Chrono Boost)  
  79  6:35  Probe (Chrono Boost)  
  80  6:40  Probe (Chrono Boost)  
  80  6:42  Probe (Chrono Boost)  
  80  6:43  Stalker x3  
  80  6:44  Probe (Chrono Boost)  
  80  6:47  Probe (Chrono Boost)  
  86  6:51  Probe  
  84  6:54  Probe  
  84  6:59  Probe  
  86  7:01  Gateway  
  86  7:03  Probe  
  86  7:04  Gateway  
  86  7:05  Dark Shrine  
  86  7:06  Probe  
  88  7:11  Probe  
  88  7:15  Probe, Pylon  
  90  7:17  Zealot x3  
  90  7:18  Probe  
  90  7:20  Zealot  
  99  7:25  Assimilator  
  99  7:28  Probe  
  100  7:33  Probe  
  101  7:45  Sentry x2, Zealot x2  
  101  7:48  Shield Battery  
  109  7:56  Zealot  
  109  7:57  Probe  
  106  8:01  Probe  
  106  8:05  Protoss Ground Weapons Level 2 (Chrono Boost)  
  106  8:09  Pylon  
  106  8:10  Pylon  
  106  8:11  Probe  
  106  8:12  Pylon  
  105  8:17  Dark Templar x2  
  106  8:25  Shield Battery  
  106  8:31  Probe x3  
  107  8:37  Zealot x5  
  107  8:39  Nexus  
  107  8:40  Photon Cannon  
  115  8:42  Shield Battery  
  115  8:44  Pylon  
  115  8:50  Gateway, Robotics Bay  
  115  8:51  Zealot x3, Gateway  
  121  8:57  Photon Cannon  
  121  9:00  Zealot  
  120  9:03  Observer (Chrono Boost)  
  120  9:08  Photon Cannon  
  111  9:12  Zealot x2  
  111  9:19  Observer  
  100  9:24  Probe x3  
  100  9:29  Zealot  
  100  9:30  Zealot x2  
  109  9:37  Probe  
  108  9:44  Colossus (Chrono Boost)  
  108  9:45  Stalker  
  116  9:48  Dark Templar  
  116  9:51  Probe  
  116  9:52  Extended Thermal Lance  
  119  9:54  Probe x2  
  121  10:03  Probe x2  
  121  10:04  Shield Battery  
  123  10:08  Pylon  
  123  10:19  Zealot x2  
  121  10:23  Zealot  
  102  10:28  Colossus (Chrono Boost)  
  102  10:31  Zealot  
  102  10:32  Zealot x3  
  111  10:40  Zealot x3  
  117  10:45  Probe  
  112  10:50  Probe  
  112  10:52  Zealot x5  
  112  10:54  Protoss Ground Weapons Level 3 (Chrono Boost)  
  112  10:56  Probe  
  120  11:03  Probe x2  
  122  11:09  Dark Templar  
  122  11:10  Pylon  
  124  11:12  Zealot  
  124  11:13  Dark Templar x2  
  130  11:20  Zealot x2  
  130  11:21  Zealot x2  
  117  11:31  Colossus (Chrono Boost)  
  115  11:34  Zealot x3  
  127  11:41  Zealot x3  
  127  11:46  Zealot x2  
  118  11:54  Zealot x2  
  122  12:03  Zealot  
  122  12:04  Zealot x4  
  122  12:06  Zealot x2  
  122  12:09  Zealot x3  
  112  12:18  Zealot x2  
  112  12:19  Observer (Chrono Boost)  
  112  12:22  Pylon  
  83  12:35  Stalker x7  
  87  12:37  Stalker  
  87  12:39  Observer (Chrono Boost)  
  87  12:41  Assimilator  
  87  12:42  Dark Templar  
  92  12:58  Colossus (Chrono Boost)  
  92  13:05  Assimilator  
  98  13:06  Zealot x7  
  112  13:14  Zealot x2  
  112  13:18  Shield Battery, Pylon  
  116  13:24  Probe x3  
  119  13:29  Assimilator  
  119  13:34  Zealot x4  
  127  13:39  Immortal (Chrono Boost)  
  127  13:41  Zealot x3  
  132  13:49  Protoss Ground Armor Level 1 (Chrono Boost)  
  132  13:54  Stalker x5  
  142  13:56  Stalker  
  144  14:07  Assimilator  
  144  14:11  Robotics Facility  
  144  14:13  Probe, Colossus (Chrono Boost)  
  144  14:14  Probe  
  144  14:15  Probe  
  153  14:18  Zealot x2  
  153  14:24  Sentry x2  
  157  14:27  Zealot x3  
  165  14:36  Photon Cannon  
  165  14:37  Pylon  
  165  14:43  Zealot x3  
  171  14:47  Pylon  
  171  14:50  Observer (Chrono Boost)  
  172  14:54  Probe  
  172  14:57  Templar Archives  
  167  15:06  Pylon  
  170  15:07  Observer (Chrono Boost)  
  170  15:12  Immortal (Chrono Boost)  
  162  15:15  Dark Templar x3  
  162  15:18  Zealot x3  
  175  15:26  Warp Prism (Chrono Boost)  
  175  15:28  Zealot x4  
  161  15:42  Zealot x2  
  114  15:46  Stalker  
  101  15:52  Stalker x4  
  101  15:59  Archon  
  77  16:19  Dark Templar  
  77  16:22  Nexus  
  77  16:25  Pylon  
  78  16:26  Sentry x2  
  82  16:34  Dark Templar  
  82  16:35  Dark Templar  
  86  16:45  Disruptor (Chrono Boost)  
  86  16:46  Shield Battery  
  86  16:48  Disruptor (Chrono Boost)  
  90  17:10  Observer  
  90  17:12  Disruptor  
  90  17:18  Stalker x3  
  90  17:21  Stalker  
  98  17:32  Stalker  
  100  17:39  Zealot x2  
  100  17:42  Zealot  
  97  17:49  Stalker  
  72  17:56  Sentry x3  
Tags
 
Add a new tag
Caveats
  • Supply blocks, unpowered buildings, or Contaminate may cause inaccurate times.
  • Supply counts are checked every 10 seconds.